[Event "AUT Bundesliga 2021-22"]
[Site "Graz"]
[Date "2022.03.25"]
[Round "6"]
[White "Froewis, Georg"]
[Black "Schreiner, Peter"]
[Result "1-0"]
[ECO "A34"]
[WhiteElo "2449"]
[BlackElo "2435"]
[Annotator "NA"]
[PlyCount "51"]
[EventDate "2021.01.17"]
[EventType "team-tourn"]
[EventCountry "AUT"]
[SourceTitle "playchess.com"]
[Source "ChessBase"]
[SourceQuality "1"]
[TimeControl "40/5400+30:1800+30"]

1. Nf3 Nf6 2. c4 c5 3. Nc3 d5 4. cxd5 Nxd5 5. e3 Nc6 6. Bc4 Nxc3 7. bxc3 e6 8. O-O Be7 9. d4 O-O 10. e4 b6 11. Be3 Bb7 12. Qe2 cxd4 13. cxd4 Na5 14. Bd3 Rc8 15. Rad1 Qc7 16. Ng5 Bxg5 17. Bxg5 f5 18. d5 exd5 19. exf5 Nc4 20. Rfe1 h6 21. Be7 Rce8 22. Qe6+ Rf7 23. f6 gxf6 24. Bh7+ Kg7 25. Bxf6+ Rxf6 26. Qxe8 1-0

[Event "AUT Bundesliga 2021-22"]
[Site "Graz"]
[Date "2022.03.25"]
[Round "6"]
[White "Kvetny, Mark"]
[Black "Vitouch, Anatol"]
[Result "1-0"]
[ECO "A01"]
[WhiteElo "2417"]
[BlackElo "2245"]
[Annotator "NA"]
[PlyCount "65"]
[EventDate "2021.01.17"]
[EventType "team-tourn"]
[EventCountry "AUT"]
[SourceTitle "playchess.com"]
[Source "ChessBase"]
[SourceQuality "1"]
[TimeControl "40/5400+30:1800+30"]

1. b3 d5 2. Bb2 Bg4 3. f3 Bh5 4. h4 f6 5. d4 e6 6. e3 Bd6 7. Bd3 Bg3+ 8. Kd2 Nc6 9. Ne2 Bd6 10. g4 Bf7 11. a3 e5 12. Nbc3 a6 13. Qg1 Qe7 14. Qf2 O-O-O 15. Kc1 Nh6 16. Kb1 g6 17. Ka2 f5 18. g5 Ng8 19. e4 dxe4 20. fxe4 exd4 21. Nxd4 Ne5 22. exf5 gxf5 23. Nxf5 Qe8 24. Nxd6+ cxd6 25. Be4 Ne7 26. Rhe1 h6 27. Rad1 hxg5 28. hxg5 Rg8 29. Qb6 N7c6 30. Bf5+ Kb8 31. Ne4 Nd7 32. Bxd7 Qxd7 33. Nf6 1-0

[Event "AUT Bundesliga 2021-22"]
[Site "Graz"]
[Date "2022.03.25"]
[Round "6"]
[White "Webersberger, Johann"]
[Black "Schlosser, Philipp"]
[Result "1-0"]
[ECO "B24"]
[WhiteElo "2321"]
[BlackElo "2512"]
[Annotator "ChessBase"]
[PlyCount "75"]
[EventDate "2021.01.17"]
[EventType "team-tourn"]
[EventCountry "AUT"]
[SourceTitle "playchess.com"]
[Source "ChessBase"]
[SourceQuality "1"]
[TimeControl "40/5400+30:1800+30"]

1. e4 c5 2. Nc3 Nc6 3. Bb5 Nf6 4. Nf3 Qc7 5. O-O Nd4 6. Nxd4 cxd4 7. Nd5 Nxd5 8. exd5 Qc5 9. c4 a6 10. b4 Qxb4 11. Ba4 Qxc4 12. Bb3 Qc7 13. Re1 e5 14. f4 d6 15. Qh5 Be7 16. fxe5 dxe5 17. Rxe5 O-O 18. Bb2 Bf6 19. Bxd4 Bxe5 20. Bxe5 Qb6+ 21. d4 Qg6 22. Qxg6 hxg6 23. Rc1 Rd8 24. d6 Rd7 25. Bd5 Rb8 26. Kf2 Kf8 27. Ke3 f6 28. Bg3 Ke8 29. Be6 Rd8 30. d5 Bd7 31. Rc7 a5 32. Kd4 b5 33. Kc5 b4 34. Bxd7+ Rxd7 35. Kc6 b3 36. axb3 Rxb3 37. Rc8+ Rd8 38. d7+ 1-0

[Event "AUT Bundesliga 2021-22"]
[Site "Graz"]
[Date "2022.03.25"]
[Round "6"]
[White "Richter, Nils"]
[Black "Prinzjakowitsch, Bernhard"]
[Result "1-0"]
[ECO "A04"]
[WhiteElo "2320"]
[BlackElo "2091"]
[Annotator "NA"]
[PlyCount "101"]
[EventDate "2021.01.17"]
[EventType "team-tourn"]
[EventCountry "AUT"]
[SourceTitle "playchess.com"]
[Source "ChessBase"]
[SourceQuality "1"]
[TimeControl "40/5400+30:1800+30"]

1. Nf3 Nc6 2. d4 d6 3. e4 e5 4. d5 Nce7 5. c4 f5 6. Nc3 Nf6 7. exf5 Bxf5 8. h3 h6 9. g4 Bg6 10. Be3 Qd7 11. c5 c6 12. cxd6 Qxd6 13. dxc6 Nxc6 14. Qxd6 Bxd6 15. Bg2 O-O-O 16. O-O Bb4 17. Rac1 Kb8 18. a3 Bxc3 19. Rxc3 Rhe8 20. Re1 Nd5 21. Rc5 Bf7 22. Nh4 Nce7 23. Be4 b6 24. Rcc1 g5 25. Nf5 Nxf5 26. Bxf5 Ne7 27. Be4 Bd5 28. Bb1 Bf3 29. Kh2 Bb7 30. Rcd1 Bf3 31. Rxd8+ Rxd8 32. Kg3 Bc6 33. Bc1 Ng8 34. Bc2 e4 35. Rd1 Rf8 36. Rd6 Kc7 37. Rg6 Rf3+ 38. Kg2 Ne7 39. Rxh6 Rf7 40. Kg1 Bd5 41. Bxg5 Nc6 42. Bf6 Kd7 43. Rg6 Ne7 44. Ba4+ Ke6 45. Bxe7+ Kxe7 46. Bc6 Bxc6 47. Rxc6 Rf3 48. Rc3 Rf4 49. Rc7+ Kf6 50. Kg2 Ke5 51. Rxa7 1-0

[Event "AUT Bundesliga 2021-22"]
[Site "Graz"]
[Date "2022.03.25"]
[Round "6"]
[White "Dietmayer-Kraeutler, Marco"]
[Black "Gerhold, Michael"]
[Result "1/2-1/2"]
[ECO "E32"]
[WhiteElo "2312"]
[BlackElo "2167"]
[Annotator "NA"]
[PlyCount "60"]
[EventDate "2021.01.17"]
[EventType "team-tourn"]
[EventCountry "AUT"]
[SourceTitle "playchess.com"]
[Source "ChessBase"]
[SourceQuality "1"]
[TimeControl "40/5400+30:1800+30"]

1. d4 Nf6 2. c4 e6 3. Nc3 Bb4 4. Qc2 O-O 5. a3 Bxc3+ 6. Qxc3 d5 7. Bg5 dxc4 8. Qxc4 b6 9. Rc1 Ba6 10. Qa4 Qd7 11. Qxd7 Nbxd7 12. Bxf6 Nxf6 13. e3 Bxf1 14. Kxf1 c5 15. Nf3 cxd4 16. Nxd4 Rfc8 17. Ke2 Kf8 18. Nb5 Ke7 19. f3 a5 20. e4 Nd7 21. Nc7 Rab8 22. b4 axb4 23. axb4 Nc5 24. Nb5 Na6 25. Na7 Rxc1 26. Rxc1 Nxb4 27. Rb1 Rb7 28. Rxb4 Rxa7 29. Rxb6 Ra2+ 30. Kf1 Rc2 1/2-1/2

[Event "AUT Bundesliga 2021-22"]
[Site "Graz"]
[Date "2022.03.25"]
[Round "6"]
[White "Mira, Helene"]
[Black "Kreisl, Robert"]
[Result "0-1"]
[ECO "A43"]
[WhiteElo "2090"]
[BlackElo "2397"]
[Annotator "NA"]
[PlyCount "60"]
[EventDate "2021.01.17"]
[EventType "team-tourn"]
[EventCountry "AUT"]
[SourceTitle "playchess.com"]
[Source "ChessBase"]
[SourceQuality "1"]
[TimeControl "40/5400+30:1800+30"]

1. d4 c5 2. d5 g6 3. c4 Bg7 4. Qc2 Nf6 5. Nc3 e6 6. e4 exd5 7. exd5 O-O 8. Nf3 d6 9. Be2 Bf5 10. Qb3 Na6 11. a3 Rb8 12. O-O Nc7 13. h3 Re8 14. Re1 Ne4 15. Nxe4 Bxe4 16. Bg5 f6 17. Be3 Bxf3 18. Bxf3 b5 19. Rab1 f5 20. cxb5 Nxb5 21. Qa4 Bf6 22. Be2 Nd4 23. Bxd4 Bxd4 24. Bb5 Rxe1+ 25. Rxe1 Qb6 26. Bf1 Qxb2 27. Re2 Qb7 28. Re8+ Rxe8 29. Qxe8+ Kg7 30. Qc6 Qb2 0-1

[Event "AUT Bundesliga 2021-22"]
[Site "Graz"]
[Date "2022.03.25"]
[Round "6"]
[White "Kosc, Renata"]
[Black "Neyman, Igor"]
[Result "0-1"]
[ECO "B28"]
[WhiteElo "1974"]
[BlackElo "2325"]
[Annotator "NA"]
[PlyCount "82"]
[EventDate "2021.01.17"]
[EventType "team-tourn"]
[EventCountry "AUT"]
[SourceTitle "playchess.com"]
[Source "ChessBase"]
[SourceQuality "1"]
[TimeControl "40/5400+30:1800+30"]

1. e4 c5 2. Nf3 a6 3. c4 e6 4. d4 cxd4 5. Nxd4 b6 6. Nc3 Bb7 7. Nc2 Qc7 8. Be3 d6 9. Be2 Nf6 10. f3 Nbd7 11. O-O Be7 12. Kh1 O-O 13. Rc1 Rac8 14. Nd4 Qb8 15. b3 Rfe8 16. g4 Nf8 17. Bf2 Ng6 18. Bg3 Nd7 19. Qe1 Qa8 20. h4 Bf6 21. Qf2 d5 22. exd5 exd5 23. Nf5 Be5 24. Nxd5 Bxg3 25. Nxg3 Bxd5 26. cxd5 Rxc1 27. Rxc1 Qxd5 28. Rd1 Qc6 29. Nf5 Nf6 30. Kg1 Nf4 31. Bf1 h6 32. Nd4 Qc5 33. Kh2 Rd8 34. Qe3 Qd6 35. Kh1 N4d5 36. Qd2 Qg3 37. Qh2 Qxh2+ 38. Kxh2 Ne3 39. Rd3 Nxf1+ 40. Kg2 Ne3+ 41. Kf2 Nc2 0-1

[Event "AUT Bundesliga 2021-22"]
[Site "Graz"]
[Date "2022.03.26"]
[Round "8.5"]
[White "Fecker, Noah"]
[Black "Mazi, Leon"]
[Result "1/2-1/2"]
[ECO "B51"]
[WhiteElo "2328"]
[BlackElo "2347"]
[Annotator "ChessBase"]
[PlyCount "84"]
[EventDate "2021.01.17"]
[EventType "team-tourn"]
[EventCountry "AUT"]
[SourceTitle "playchess.com"]
[Source "ChessBase"]
[SourceQuality "1"]
[TimeControl "40/5400+30:1800+30"]

1. e4 c5 2. Nf3 d6 3. Bb5+ Nd7 4. a4 a6 5. Be2 Ngf6 6. Nc3 b6 7. d4 cxd4 8. Qxd4 e6 9. O-O Qc7 10. Rd1 Bb7 11. Be3 Be7 12. Nd2 O-O 13. Nc4 d5 14. exd5 Nxd5 15. Nxd5 Bxd5 16. Nxb6 Nxb6 17. Qxb6 Qxc2 18. Bd3 Qb3 19. a5 Rfb8 20. Qxb3 Rxb3 21. Bd4 Bf6 22. Bxf6 gxf6 23. Rd2 Rb4 24. f3 Bc6 25. Kf2 f5 26. Ke3 f4+ 27. Ke2 Bb5 28. Bxb5 Rxb5 29. Ra4 Rab8 30. Rxf4 Rxb2 31. Rg4+ Kf8 32. Rg5 f5 33. g4 Rxd2+ 34. Kxd2 Rb5 35. gxf5 exf5 36. h4 Rxa5 37. h5 Rb5 38. h6 Rb7 39. Rxf5+ Rf7 40. Rc5 Rf6 41. Rc7 Rxh6 42. Ra7 Re6 1/2-1/2

[Event "AUT Bundesliga 2021-22"]
[Site "Graz"]
[Date "2022.03.26"]
[Round "8.6"]
[White "Dietmayer-Kraeutler, Marco"]
[Black "Novkovic, Milan"]
[Result "1/2-1/2"]
[ECO "E19"]
[WhiteElo "2312"]
[BlackElo "2360"]
[Annotator "ChessBase"]
[PlyCount "60"]
[EventDate "2021.01.17"]
[EventType "team-tourn"]
[EventCountry "AUT"]
[SourceTitle "playchess.com"]
[Source "ChessBase"]
[SourceQuality "1"]
[TimeControl "40/5400+30:1800+30"]

1. d4 Nf6 2. c4 e6 3. Nf3 b6 4. g3 Bb7 5. Bg2 Be7 6. O-O O-O 7. Nc3 Ne4 8. Qc2 Nxc3 9. Qxc3 Bf6 10. h4 c5 11. Qd3 d5 12. dxc5 dxc4 13. Qxc4 Qc8 14. Ng5 Bxg2 15. Kxg2 Nd7 16. Ne4 bxc5 17. Nxf6+ Nxf6 18. b3 Qb7+ 19. Kg1 Qd5 20. Ba3 Qxc4 21. bxc4 Rfc8 22. Rab1 Rc7 23. Rb5 Nd7 24. Rfb1 Rac8 25. Rb7 Kf8 26. Kf1 Ke7 27. Ke1 Kd6 28. Kd2 Nb6 29. Rxc7 Rxc7 30. Kd3 g6 1/2-1/2

[Event "AUT Bundesliga 2021-22"]
[Site "Graz"]
[Date "2022.03.26"]
[Round "8.9"]
[White "Vitouch, Anatol"]
[Black "Tica, Sven"]
[Result "1/2-1/2"]
[ECO "A14"]
[WhiteElo "2245"]
[BlackElo "2423"]
[Annotator "ChessBase"]
[PlyCount "85"]
[EventDate "2021.01.17"]
[EventType "team-tourn"]
[EventCountry "AUT"]
[SourceTitle "playchess.com"]
[Source "ChessBase"]
[SourceQuality "1"]
[TimeControl "40/5400+30:1800+30"]

1. c4 e6 2. g3 d5 3. Bg2 Nf6 4. Nf3 Be7 5. O-O O-O 6. d4 c6 7. Nbd2 b6 8. Qc2 Bb7 9. e4 dxc4 10. Nxc4 Nbd7 11. e5 Nd5 12. Qe4 b5 13. Ne3 c5 14. Qg4 Kh8 15. Qh5 Qe8 16. Nxd5 Bxd5 17. dxc5 Nxc5 18. Bg5 Rd8 19. Rfd1 Be4 20. Bxe7 Qxe7 21. Nd4 Bxg2 22. Kxg2 Rd5 23. Qf3 Qd7 24. b4 Rxd4 25. bxc5 Rd8 26. c6 Qc7 27. Rxd4 Rxd4 28. Rc1 h6 29. Rc5 a6 30. Qc3 Rd8 31. f4 g6 32. Qc2 Kg7 33. Kh3 Rd4 34. Qc3 Rd8 35. Qc2 Rd4 36. Qc3 Rd8 37. Qa3 Ra8 38. Qb4 Rb8 39. Rc3 Rd8 40. a4 bxa4 41. Qxa4 a5 42. Rc5 Ra8 43. Qb5 1/2-1/2

[Event "AUT Bundesliga 2021-22"]
[Site "Graz"]
[Date "2022.03.26"]
[Round "8.10"]
[White "Deglmann, Ludwig"]
[Black "Lovrinovic, Christian"]
[Result "1/2-1/2"]
[ECO "A15"]
[WhiteElo "2248"]
[BlackElo "2117"]
[Annotator "ChessBase"]
[PlyCount "83"]
[EventDate "2021.01.17"]
[EventType "team-tourn"]
[EventCountry "AUT"]
[SourceTitle "playchess.com"]
[Source "ChessBase"]
[SourceQuality "1"]
[TimeControl "40/5400+30:1800+30"]

1. c4 Nf6 2. g3 g6 3. Bg2 Bg7 4. Nc3 d6 5. d3 O-O 6. Bg5 h6 7. Bd2 e5 8. e4 c6 9. Nge2 Be6 10. O-O Na6 11. h3 Qd7 12. Kh2 d5 13. cxd5 cxd5 14. d4 Nxe4 15. Nxe4 dxe4 16. dxe5 Bc4 17. Rc1 Bb5 18. Qe1 Bxe5 19. Bxh6 Rfe8 20. b3 Rad8 21. Rh1 Qe7 22. Nc3 Bd3 23. Nxe4 Bxe4 24. Qxe4 Bxg3+ 25. Kxg3 Qxe4 26. Bxe4 Rxe4 27. Be3 b6 28. Rhd1 Ree8 29. a3 Nc5 30. Bxc5 bxc5 31. Rxd8 Rxd8 32. Rxc5 Rd3+ 33. f3 Rxb3 34. Ra5 Rb7 35. h4 Kg7 36. h5 gxh5 37. Rxh5 Rb6 38. Ra5 a6 39. Kf4 Kf6 40. Ke4 Rd6 41. Rh5 Ke6 42. Ra5 1/2-1/2

[Event "AUT Bundesliga 2021-22"]
[Site "Graz"]
[Date "2022.03.26"]
[Round "8.11"]
[White "Prinzjakowitsch, Bernhard"]
[Black "de Francesco, Klaus"]
[Result "0-1"]
[ECO "C11"]
[WhiteElo "2091"]
[BlackElo "2177"]
[Annotator "NA"]
[PlyCount "48"]
[EventDate "2021.01.17"]
[EventType "team-tourn"]
[EventCountry "AUT"]
[SourceTitle "playchess.com"]
[Source "ChessBase"]
[SourceQuality "1"]
[TimeControl "40/5400+30:1800+30"]

1. e4 e6 2. d4 d5 3. Nc3 Nf6 4. e5 Nfd7 5. Nce2 c5 6. c3 Nc6 7. f4 Qb6 8. Nf3 f6 9. a3 a5 10. Rb1 cxd4 11. cxd4 Be7 12. Nc3 O-O 13. Qd3 fxe5 14. dxe5 Nc5 15. Qc2 Bd7 16. Be3 d4 17. Nxd4 Nxd4 18. Bxd4 Rxf4 19. Be3 Rf5 20. Bd4 Qb3 21. Qd1 Bc6 22. Qe2 Rd8 23. Qe3 Bh4+ 24. g3 Bg5 0-1

[Event "AUT Bundesliga 2021-22"]
[Site "Graz"]
[Date "2022.03.26"]
[Round "8.12"]
[White "Gerhold, Michael"]
[Black "Kosc, Renata"]
[Result "1-0"]
[ECO "A80"]
[WhiteElo "2167"]
[BlackElo "1974"]
[Annotator "ChessBase"]
[PlyCount "77"]
[EventDate "2021.01.17"]
[EventType "team-tourn"]
[EventCountry "AUT"]
[SourceTitle "playchess.com"]
[Source "ChessBase"]
[SourceQuality "1"]
[TimeControl "40/5400+30:1800+30"]

1. d4 f5 2. Bg5 g6 3. e3 Bg7 4. Nc3 Nf6 5. h4 h6 6. Bxf6 Bxf6 7. g4 d5 8. Bd3 e6 9. Nge2 Qe7 10. h5 g5 11. gxf5 exf5 12. Nxd5 Qd6 13. Nxf6+ Qxf6 14. Qd2 Nc6 15. O-O-O Bd7 16. c3 O-O-O 17. Kb1 Rhf8 18. Rde1 Ne7 19. f3 Kb8 20. Ng3 Qd6 21. Rhg1 c5 22. Qc2 Rc8 23. Qf2 b5 24. e4 c4 25. e5 Qb6 26. Bc2 Nd5 27. Qd2 a5 28. Ka1 b4 29. Ne2 Ka7 30. Bb1 Rb8 31. Rc1 Rfc8 32. f4 g4 33. Ng3 bxc3 34. bxc3 a4 35. Bxf5 Bxf5 36. Nxf5 a3 37. Rb1 Qa5 38. Nd6 Nxc3 39. Nxc8+ 1-0

[Event "AUT Bundesliga 2021-22"]
[Site "Graz"]
[Date "2022.03.26"]
[Round "8.15"]
[White "Handler, Lukas"]
[Black "Walter, Stefan"]
[Result "1/2-1/2"]
[ECO "E06"]
[WhiteElo "2436"]
[BlackElo "2380"]
[Annotator "ChessBase"]
[PlyCount "67"]
[EventDate "2021.01.17"]
[EventType "team-tourn"]
[EventCountry "AUT"]
[SourceTitle "playchess.com"]
[Source "ChessBase"]
[SourceQuality "1"]
[TimeControl "40/5400+30:1800+30"]

1. d4 d5 2. c4 e6 3. Nf3 Nf6 4. g3 Be7 5. Bg2 O-O 6. O-O dxc4 7. Ne5 c5 8. dxc5 Qc7 9. Nxc4 Rd8 10. Qc2 Nc6 11. Nc3 Nd4 12. Qb1 Nd5 13. e3 Nxc3 14. bxc3 Ne2+ 15. Kh1 Nxc1 16. Qxc1 Bxc5 17. Rb1 Rb8 18. Rd1 Bd7 19. Nd2 b6 20. Nb3 Be7 21. Qb2 Rbc8 22. Rbc1 Bf6 23. Qa3 h5 24. h4 Bc6 25. Rxd8+ Rxd8 26. Qa6 Rd7 27. Qe2 g6 28. c4 Ba4 29. Bf3 Kg7 30. Kg2 Bxb3 31. axb3 Qd6 32. Rd1 Qxd1 33. Qxd1 Rxd1 34. Bxd1 1/2-1/2

[Event "AUT Bundesliga 2021-22"]
[Site "Graz"]
[Date "2022.03.26"]
[Round "8.17"]
[White "Halvax, Georg"]
[Black "Neyman, Igor"]
[Result "1-0"]
[ECO "E15"]
[WhiteElo "2405"]
[BlackElo "2325"]
[Annotator "ChessBase"]
[PlyCount "69"]
[EventDate "2021.01.17"]
[EventType "team-tourn"]
[EventCountry "AUT"]
[SourceTitle "playchess.com"]
[Source "ChessBase"]
[SourceQuality "1"]
[TimeControl "40/5400+30:1800+30"]

1. d4 Nf6 2. c4 e6 3. Nf3 b6 4. g3 Ba6 5. Qc2 b5 6. cxb5 Bxb5 7. Nc3 Bc6 8. Bg2 Bb4 9. Bg5 Qc8 10. Bxf6 gxf6 11. O-O Bxc3 12. bxc3 d5 13. Nd2 Qa6 14. e4 dxe4 15. Nxe4 Nd7 16. c4 Bxe4 17. Qxe4 Rb8 18. d5 O-O 19. Rfe1 Rfe8 20. Bh3 Nf8 21. dxe6 fxe6 22. Qh4 Kg7 23. Qg4+ Kf7 24. Qh5+ Kg7 25. Rad1 Rbd8 26. Rd4 Rxd4 27. Qxe8 e5 28. Qe7+ Kg8 29. Qxc7 Rxc4 30. Qe7 Qb6 31. Bf5 Rd4 32. Bc2 Rd8 33. Rxe5 Qd6 34. Bb3+ Kh8 35. Qf7 1-0

[Event "AUT Bundesliga 2021-22"]
[Site "Graz"]
[Date "2022.03.26"]
[Round "8.21"]
[White "Schreiner, Peter"]
[Black "Mira, Helene"]
[Result "1-0"]
[ECO "D30"]
[WhiteElo "2435"]
[BlackElo "2090"]
[Annotator "ChessBase"]
[PlyCount "65"]
[EventDate "2021.01.17"]
[EventType "team-tourn"]
[EventCountry "AUT"]
[SourceTitle "playchess.com"]
[Source "ChessBase"]
[SourceQuality "1"]
[TimeControl "40/5400+30:1800+30"]

1. d4 d5 2. c4 e6 3. Nf3 Nf6 4. g3 c5 5. cxd5 exd5 6. Bg2 Nc6 7. O-O Ne4 8. Nc3 c4 9. Bf4 a6 10. Nxe4 dxe4 11. Ne5 Nxe5 12. dxe5 Bf5 13. Qc2 Qd5 14. Rfd1 Qc6 15. Rd4 b5 16. Bxe4 Bxe4 17. Rxe4 Bc5 18. Be3 Bxe3 19. Rxe3 O-O 20. b3 Rac8 21. bxc4 Qxc4 22. Qf5 Rc6 23. a3 Rfc8 24. Rd1 g6 25. Qg5 Qe6 26. Red3 Kg7 27. Rd6 Rxd6 28. Rxd6 Qc4 29. Qf6+ Kh6 30. e6 fxe6 31. Rd4 Qc1+ 32. Kg2 Rc4 33. Qh4+ 1-0

[Event "AUT Bundesliga 2021-22"]
[Site "Graz"]
[Date "2022.03.26"]
[Round "8.24"]
[White "Amann, Harald"]
[Black "Janzelj, Tim"]
[Result "0-1"]
[ECO "A41"]
[WhiteElo "1913"]
[BlackElo "2463"]
[Annotator "ChessBase"]
[PlyCount "55"]
[EventDate "2021.01.17"]
[EventType "team-tourn"]
[EventCountry "AUT"]
[SourceTitle "playchess.com"]
[Source "ChessBase"]
[SourceQuality "1"]
[TimeControl "40/5400+30:1800+30"]

1. d4 d6 2. c4 f5 3. Nc3 Nf6 4. e4 fxe4 5. f3 g6 6. fxe4 Bg7 7. Be2 O-O 8. Nf3 e5 9. d5 c6 10. Bd2 Na6 11. Qc2 Bd7 12. Bd3 Ng4 13. Rf1 Nxh2 14. O-O-O Nxf1 15. Bxf1 Qb6 16. Kb1 Bg4 17. Bc1 Nb4 18. Qd2 Rad8 19. a3 Na6 20. Ka2 Bxf3 21. gxf3 Rxf3 22. Be2 Rf2 23. Qd3 Nc5 24. Qc2 a5 25. Be3 Rh2 26. Rf1 Rf8 27. Rxf8+ Bxf8 28. Qd1 0-1

[Event "AUT Bundesliga 2021-22"]
[Site "Graz"]
[Date "2022.03.26"]
[Round "8.27"]
[White "Leisch, Lukas"]
[Black "Froewis, Georg"]
[Result "1/2-1/2"]
[ECO "A13"]
[WhiteElo "2403"]
[BlackElo "2449"]
[Annotator "ChessBase"]
[PlyCount "80"]
[EventDate "2021.01.17"]
[EventType "team-tourn"]
[EventCountry "AUT"]
[SourceTitle "playchess.com"]
[Source "ChessBase"]
[SourceQuality "1"]
[TimeControl "40/5400+30:1800+30"]

1. c4 e6 2. g3 d5 3. Bg2 Nf6 4. d4 c6 5. Nf3 dxc4 6. O-O b5 7. Ne5 Bb7 8. a4 a6 9. axb5 axb5 10. Rxa8 Bxa8 11. Nc3 Nd5 12. e4 Nf6 13. f4 Be7 14. g4 Nfd7 15. Nxd7 Nxd7 16. e5 b4 17. Ne4 c5 18. Be3 O-O 19. Nxc5 Bxg2 20. Kxg2 Qa8+ 21. Qf3 Nb6 22. Ne4 f6 23. f5 Nd5 24. Kh3 c3 25. bxc3 bxc3 26. exf6 Bxf6 27. g5 exf5 28. Nxc3 Nxc3 29. gxf6 Ne4 30. fxg7 Rf7 31. Qf4 Rxg7 32. Rg1 Rxg1 33. Bxg1 Qd5 34. Be3 Nf6 35. Qe5 Kf7 36. Qxd5+ Nxd5 37. Bc1 Kg6 38. Kg3 Kf6 39. Kf3 Ke6 40. Bf4 Kf7 1/2-1/2

[Event "AUT Bundesliga 2021-22"]
[Site "Graz"]
[Date "2022.03.26"]
[Round "8.28"]
[White "Peyrer, Konstantin"]
[Black "Singer, Christoph"]
[Result "1/2-1/2"]
[ECO "A13"]
[WhiteElo "2301"]
[BlackElo "2345"]
[Annotator "ChessBase"]
[PlyCount "117"]
[EventDate "2021.01.17"]
[EventType "team-tourn"]
[EventCountry "AUT"]
[SourceTitle "playchess.com"]
[Source "ChessBase"]
[SourceQuality "1"]
[TimeControl "40/5400+30:1800+30"]

1. c4 e6 2. Nf3 d5 3. g3 Nf6 4. Bg2 dxc4 5. Qa4+ c6 6. Qxc4 b5 7. Qb3 Bb7 8. d4 a6 9. O-O c5 10. dxc5 Nbd7 11. Be3 Nxc5 12. Qd1 Be7 13. Qxd8+ Rxd8 14. Rc1 O-O 15. Ne5 Bxg2 16. Kxg2 Rc8 17. Nd2 Rfe8 18. Nb3 Nxb3 19. axb3 Rxc1 20. Rxc1 Nd5 21. Bd2 Bb4 22. Bxb4 Nxb4 23. Rc7 f6 24. Nc6 Nxc6 25. Rxc6 a5 26. Ra6 Rc8 27. Rxa5 Rc2 28. e3 Rxb2 29. Rxb5 Kf7 30. h4 h5 31. Kf3 e5 32. Rb8 f5 33. b4 e4+ 34. Kg2 Rb1 35. b5 g6 36. b6 Kg7 37. b7 Kh7 38. f4 Rb2+ 39. Kf1 Kg7 40. Ke1 Kh7 41. Kd1 Kg7 42. Kc1 Rb6 43. Kc2 Rc6+ 44. Kb3 Rb6+ 45. Kc4 Rb1 46. Kc5 Rc1+ 47. Kd6 Rd1+ 48. Ke7 Rb1 49. Ke8 Rb2 50. Kd8 Rd2+ 51. Kc7 Rc2+ 52. Kd6 Rd2+ 53. Ke6 Rb2 54. Rd8 Rxb7 55. Rd7+ Rxd7 56. Kxd7 Kf7 57. Kd6 Kf6 58. Kd5 Kf7 59. Kd6 1/2-1/2

[Event "AUT Bundesliga 2021-22"]
[Site "Graz"]
[Date "2022.03.26"]
[Round "8.29"]
[White "Webersberger, Johann"]
[Black "Steindl, Johannes"]
[Result "1/2-1/2"]
[ECO "C67"]
[WhiteElo "2321"]
[BlackElo "2237"]
[Annotator "ChessBase"]
[PlyCount "30"]
[EventDate "2021.01.17"]
[EventType "team-tourn"]
[EventCountry "AUT"]
[SourceTitle "playchess.com"]
[Source "ChessBase"]
[SourceQuality "1"]
[TimeControl "40/5400+30:1800+30"]

1. e4 e5 2. Nf3 Nc6 3. Bb5 Nf6 4. O-O Nxe4 5. d4 Nd6 6. dxe5 Nxb5 7. a4 Nbd4 8. Nxd4 Nxd4 9. Qxd4 d5 10. exd6 Qxd6 11. Qe3+ Qe6 12. Qd4 Qd6 13. Qe3+ Qe6 14. Qd4 Qd6 15. Qe4+ Qe6 1/2-1/2

[Event "AUT Bundesliga 2021-22"]
[Site "Graz"]
[Date "2022.03.26"]
[Round "8.30"]
[White "Atzl, Florian"]
[Black "Schwabeneder, Alois"]
[Result "0-1"]
[ECO "B17"]
[WhiteElo "2206"]
[BlackElo "1884"]
[Annotator "ChessBase"]
[PlyCount "78"]
[EventDate "2021.01.17"]
[EventType "team-tourn"]
[EventCountry "AUT"]
[SourceTitle "playchess.com"]
[Source "ChessBase"]
[SourceQuality "1"]
[TimeControl "40/5400+30:1800+30"]

1. e4 c6 2. d4 d5 3. Nd2 dxe4 4. Nxe4 Nd7 5. Bd3 Ngf6 6. c3 Nxe4 7. Bxe4 Nf6 8. Bc2 Bg4 9. f3 Bh5 10. Nh3 Bg6 11. Bb3 e6 12. O-O Bd6 13. Kh1 Qc7 14. Qe1 Bd3 15. Rf2 O-O-O 16. Qg1 h6 17. Bc2 Bf5 18. Bxf5 exf5 19. c4 c5 20. b4 cxd4 21. c5 Be7 22. Bf4 Qd7 23. Rd1 Qe6 24. Qf1 Nd5 25. Re2 Qa6 26. Qe1 Bf6 27. Red2 Rhe8 28. Qf2 g5 29. Bd6 Re3 30. Ng1 Rde8 31. Rb2 Qc4 32. Qg3 d3 33. Rb3 Qc2 34. Rf1 d2 35. Rbb1 Nc3 36. Ra1 d1=Q 37. Raxd1 Nxd1 38. h4 Qd3 39. Qh3 g4 0-1

[Event "AUT Bundesliga 2021-22"]
[Site "Graz"]
[Date "2022.04.21"]
[Round "9.1"]
[White "Bluebaum, Matthias"]
[Black "Rozentalis, Eduardas"]
[Result "1-0"]
[ECO "E49"]
[WhiteElo "2642"]
[BlackElo "2542"]
[Annotator "TA"]
[PlyCount "97"]
[EventDate "2021.01.17"]
[EventType "team-tourn"]
[EventCountry "AUT"]
[SourceTitle "playchess.com"]
[Source "ChessBase"]
[SourceQuality "1"]
[TimeControl "40/5400+30:1800+30"]

1. d4 Nf6 2. c4 e6 3. Nc3 Bb4 4. e3 O-O 5. Bd3 d5 6. a3 Bxc3+ 7. bxc3 c6 8. Ne2 {[%emt 0:01:58] 8.Nf3 is vanishing. E49: Nimzo-Indian: Rubinstein: 5 Bd3 d5 6 a3 Bxc3+ 7 bxc3.} b6 9. cxd5 cxd5 10. c4 {[%emt 0:00:31] White has an edge.} Ba6 11. cxd5 $1 Qxd5 12. f3 Bxd3 13. Qxd3 Rc8 {[%emt 0:00:08][%cal Bf8c8,Bc8c4,Bc4a4][%mdl 32] [#]} 14. e4 $146 ({Predecessor:} 14. Bb2 Nbd7 15. e4 Ne5 16. Qd1 Qa5+ 17. Kf2 Nc4 18. Bc3 Qg5 19. Qd3 Nd7 20. a4 {½-½ (27) Peralta,F (2556)-Satyapragyan,S (2392) Barcelona 2015}) 14... Qc4 15. Qxc4 Rxc4 16. Be3 Nc6 17. Kd2 b5 18. Rac1 {[%emt 0:16:24] White wants to play Rxc4.} Na5 {[%emt 0:00:40] Hoping for ...Nb3+.} 19. Kd3 Ra4 20. Nc3 Rxa3 {[%emt 0:02:20] Threatens to win with ...b4.} 21. Ra1 Rb3 22. Rxa5 b4 {[%emt 0:00:23][%mdl 64] [#] Pin} 23. Rc1 $1 Rxc3+ (23... Kf8 24. Bd2) 24. Rxc3 bxc3 25. Kxc3 $16 {[%emt 0:01:46][%mdl 4096] Endgame KRB-KRN} Kf8 26. Ra6 Ke7 27. Bf4 Ne8 28. d5 exd5 29. exd5 Kd7 30. Kc4 {[%emt 0:01:36] &Bianco is much more active.} Nc7 31. Rd6+ Ke7 32. Rc6 Ne8 {[%emt 0:00:16] [#]} 33. Ra6 $1 Kd7 34. g4 Rc8+ (34... Kc8 $16 {was necessary.} 35. g5 Kb7) 35. Kd4 $18 Ra8 36. h4 Nc7 {[%emt 0:00:29] [#]} 37. Rd6+ Ke7 {[%emt 0:00:21] And now ...Nb5+ would win.} 38. Rc6 Nb5+ (38... Ne8 $142 39. Ra6 Kd7) 39. Kc5 a6 40. g5 {[%emt 0:00:00] Inhibits h6.} Kd7 41. Be5 g6 (41... Rc8 $142 42. Kb6 (42. Bxg7 Na7 $18) 42... Rxc6+ 43. dxc6+ Kc8 44. Bxg7 Nd6) 42. Rf6 Ke8 (42... Ke7 43. Rb6 Ke8) 43. Kb4 Rd8 44. Rxa6 Rxd5 45. f4 Nd4 46. Kc4 Nc2 $2 (46... Rxe5 $18 47. fxe5 Nf5) 47. Kxd5 {[%emt 0:01:09] White mates.} Nb4+ 48. Kc5 Nxa6+ 49. Kb5 {Weighted Error Value: White=0.01 (flawless) /Black=0.37} 1-0